 Dungeon Crawl Stone Soup version 0.30-a0-760-g5a9884bb7c (webtiles) character file.

Game seed: 5847209713123569534

17095 Querens the Nimble (level 12, -5/51 HPs)
             Began as a Spriggan Enchanter on Feb 11, 2023.
             Was a High Priest of Wu Jian.
             Killed by divine providence
             ... invoked by an orc priest
             ... led by an orc warlord
              (11 damage)
             ... on level 2 of the Orcish Mines.
             The game lasted 00:57:36 (9911 turns).

Querens the Nimble (Spriggan Enchanter)             Turns: 9911, Time: 00:57:37

Health: -5/51      AC: 10    Str:  4    XL:     12   Next: 15%
Magic:  17/28      EV: 38    Int: 30    God:    Wu Jian [*****.]
Gold:   511        SH:  7    Dex: 19    Spells: 23/34 levels left

rFire   . . .      SeeInvis +    X - +7 captain's cutlass {speed, disarm}
rCold   + . .      Faith    .    w - +1 buckler {rC+}
rNeg    . . .      Spirit   .    t - +3 troll leather armour
rPois   .          Reflect  .    (helmet restricted)
rElec   .          Harm     .    a - +2 cloak {rCorr}
rCorr   +          Rampage  .    (gloves unavailable)
Will    ++...                    (boots unavailable)
Stlth   +++                      o - amulet of the acrobat
HPRegen 1.08/turn                P - +6 ring of intelligence
MPRegen 0.21/turn                q - +6 ring of intelligence

@: acrobatic, very quick
A: very small, no large weapons, unfitting armour, see invisible, speed 3
a: Renounce Religion, Wall Jump, Serpent's Lash, Heavenly Storm


You were on level 2 of the Orcish Mines.
You worshipped Wu Jian.
Wu Jian was extremely pleased with you.
You visited 3 branches of the dungeon, and saw 14 of its levels.
You also visited: Sewer, Ossuary and Bailey.

You collected 1411 gold pieces.
You spent 900 gold pieces at shops.

Inventory:

Hand Weapons
 n - a +2 dagger of draining
 I - a +3 vampiric short sword
 U - a +0 dagger of chaos
 X - the +7 captain's cutlass (weapon) {speed, disarm}
   (You bought it in a shop on level 10 of the Dungeon)
Missiles
 b - 4 curare-tipped darts (quivered)
 T - a throwing net
Armour
 a - a +2 cloak of preservation (worn)
 t - a +3 troll leather armour (worn)
 w - a +1 buckler of cold resistance (worn)
 K - a +2 robe of cold resistance
 Q - +0 steam dragon scales
 V - a +2 robe of positive energy
 Z - +0 acid dragon scales
Jewellery
 o - an amulet of the acrobat (around neck)
 q - a +6 ring of intelligence (right hand)
 y - a +6 ring of strength
 C - a +4 ring of protection
 D - a ring of resist corrosion
 M - a ring of protection from cold
 N - a +4 ring of protection
 P - a +6 ring of intelligence (left hand)
Wands
 r - a wand of quicksilver (5)
 x - a wand of flame (30)
 B - a wand of roots (4)
 G - a wand of polymorph (7)
 W - a wand of paralysis (6)
Scrolls
 d - 8 scrolls of teleportation
 f - a scroll of fear
 h - 3 scrolls of immolation
 i - a scroll of fog
 p - 2 scrolls of poison
 s - a scroll of blinking
 F - 2 scrolls of amnesia
 R - 2 scrolls of magic mapping
 S - a scroll of brand weapon
 Y - a scroll of enchant weapon
Potions
 c - 3 potions of invisibility
 e - 2 potions of haste
 g - 5 potions of attraction {unknown}
 j - 3 potions of might
 k - a potion of ambrosia {unknown}
 l - 7 potions of flight
 m - 6 potions of curing
 u - 2 potions of cancellation
 v - 2 potions of heal wounds
 z - 2 potions of resistance {unknown}
 A - a potion of berserk rage {unknown}
 E - 4 potions of mutation {unknown}
 H - a potion of brilliance {unknown}
 J - a potion of lignification {unknown}
Miscellaneous
 L - a piece from Xom's chessboard (1/15)


   Skills:
 + Level 10.5 Short Blades
 + Level 12.6 Dodging
 - Level 4.4 Stealth
 - Level 5.0 Shields
 + Level 11.7 Spellcasting
 + Level 11.9 Hexes


You had 23 spell levels left.
You knew the following spells:

 Your Spells              Type           Power      Damage    Failure   Level
a - Ensorcelled Hibernat  Hex/Ice        100%       N/A       1%          2
b - Confusing Touch       Hex            73%        N/A       1%          3
c - Dazzling Flash        Conj/Hex       100%       N/A       2%          3
d - Tukima's Dance        Hex            73%        N/A       1%          3

Your spell library contained the following spells:

 Spells                   Type           Power      Damage    Failure   Level
 Necrotise                Necr           68%        1d7       10%         1
 Frozen Ramparts          Ice            34%        1d6       30%         3
 Vampiric Draining        Necr           17%        2d7       30%         3
 Ice Form                 Ice/Tmut       17%        N/A       69%         4
 Manifold Assault         Tloc           17%        N/A       69%         4
 Summon Ice Beast         Ice/Summ       17%        N/A       69%         4
 Agony                    Necr           17%        N/A       95%         5
 Dispersal                Tloc           8%         N/A       100%        6
 Malign Gateway           Summ/Tloc      8%         N/A       100%        7
 Disjunction              Tloc           8%         N/A       100%        8
 Summon Horrible Things   Summ           8%         N/A       100%        8


Dungeon Overview and Level Annotations

Branches:
Dungeon (11/15)            Temple (1/1) D:4            Lair (0/5) D:10
    Orc (2/2) D:10            Elf (0/3) Orc:2         Sewer (visited)
Ossuary (visited)          Bailey (visited)

Altars:
Ashenzari
Cheibriados
Dithmenos
Elyvilon
Fedhas
Gozag
Hepliaklqana
Kikubaaqudgha
Makhleb
Nemelex Xobeh
Okawaru
Qazlal
Ru
Sif Muna
Trog
Uskayaw
Vehumet
Wu Jian
Xom
Yredelemnul
Zin
The Shining One

Shops:
D:4 [   D:10 (   Orc:2 ?

Annotations:
D:6 1 runed translucent door
D:7 Maggie
D:11 Lodul


Innate Abilities, Weirdness & Mutations

You are very small and have problems with some larger weapons.
You are too small for most types of armour.
You have supernaturally acute eyesight. (SInv)
You cover ground extremely quickly. (Speed+++)


Message History

The Council accepts your kill.
You puncture the orc warrior!
The orc warrior is severely wounded.
You puncture the orc warrior!
You kill the orc warrior!
The Council accepts your kill.
You barely miss the orc warrior.
The orc warrior is lightly wounded.
You puncture the orc warrior!
The orc warrior is heavily wounded.
An ogre comes into view. It is wielding a +0 giant club.
The orc warrior closely misses you.
The orc priest invokes the aid of Beogh against you.
Beogh smites you!
You hit the orc warrior.
The orc warrior is severely wounded.
Your +0 long sword hits the orc warlord but does no damage.
You hit the orc warrior.
The orc warrior is almost dead.
The orc warrior hits you with a +0 long sword!
You puncture the orc warrior!
You kill the orc warrior!
The Council accepts your kill.
You puncture the orc warlord!
The orc warlord is moderately wounded.
The ogre barely misses your +0 long sword.
The warg bites the ogre!
The orc warlord hits you!
You barely miss the orc warlord.
The orc warlord is moderately wounded.
You catch the helpless orc warlord completely off-guard!
You impale the orc warlord!!
The orc warlord is heavily wounded.
The orc priest mumbles some strange prayers to Beogh against you.
Beogh smites you!
* * * LOW HITPOINT WARNING * * *
The orc warlord barely misses you.
Your +0 long sword hits the orc warlord.
The orc priest mumbles some strange prayers to Beogh against you.
Beogh smites you!
You die...

#........†..#
#.....[...<#
#.....)..##
##...h.###
#....O####
#.#....(.#.###
#......oo))...##
#......##......#
#....>. #.@....###
.#
#....#####.......#
.## ......
#.......### ..##
#......##....#.#
...
##.........#####
..# ..........###
..# #...........##
.###
##......#....###
...##
#####...........#


You could see an orc warlord (confused, ally target), a warg (confused), an ogre
(distracted), an orc priest (strong) and a friendly +0 long sword.

Vanquished Creatures
  Rupert (Orc:2)
  Erolcha (D:11)
  A boulder beetle (D:11)
  2 two-headed ogres (D:11)
  Nergalle (Orc:1)
  Pikel (D:7)
  2 orc knights
  A manticore (D:11)
  Maurice (D:11)
  Psyche (D:9)
  A polar bear (D:11)
  2 trolls
  Grinder (D:3)
  A water elemental (D:11)
  13 yaks
  2 vampire mosquitoes (D:9)
  2 steam dragons (D:8)
  3 wargs (Orc:1)
  An acid dragon (D:10)
  2 water moccasins
  Duvessa (D:7)
  5 ice beasts
  20 orc warriors
  7 ogres
  A kobold brigand (D:11)
  A bullfrog (D:7)
  A gnoll sergeant (D:9)
  8 scorpions (D:6)
  12 wights
  Dowan (D:7)
  16 killer bees
  4 howler monkeys
  An electric eel (D:11)
  2 hounds
  A human zombie (Ossuary)
  2 jellies
  3 gnoll boudas
  8 orc priests
  Crazy Yiuf (D:7)
  3 iguanas
  Natasha (thrice) (D:3)
  6 orc wizards
  A hell rat (Sewer)
  3 mummies (Ossuary)
  Robin (D:3)
  21 gnolls
  9 adders
  2 river rats (Sewer)
  2 shadow imps
  4 white imps
  An ufetubus (D:7)
  2 adder zombies (Ossuary)
  3 worms
  2 dart slugs (D:4)
  41 orcs
  9 endoplasms
  4 giant cockroaches
  A gnoll zombie (Ossuary)
  16 goblins
  11 hobgoblins
  14 jackals
  19 kobolds
  4 quokkas
  5 ball pythons
  3 bats
  3 frilled lizards
  2 goblin zombies (Ossuary)
  2 hobgoblin zombies (Ossuary)
  2 kobold zombies (Ossuary)
  4 quokka zombies (Ossuary)
  13 rats
  5 rat zombies
356 creatures vanquished.

Vanquished Creatures (collateral kills)
  A centaur (D:11)
  An orc (Orc:2)
2 creatures vanquished.

Vanquished Creatures (others)
  3 dancing weapons (D:9)
  7 toadstools (D:1)
10 creatures vanquished.

Grand Total: 368 creatures vanquished

Notes
Turn   | Place    | Note
-------+----------+-------------------------------------------
     0 | D:1      | Querens the Spriggan Enchanter began the quest for the Orb.
     0 | D:1      | Reached XP level 1. HP: 9/9 MP: 5/5
   238 | D:1      | Reached skill level 3 in Dodging
   238 | D:1      | Reached XP level 2. HP: 13/13 MP: 7/7
   319 | D:1      | Found a faded altar of an unknown god.
   650 | D:1      | Reached XP level 3. HP: 13/16 MP: 8/8
   789 | D:2      | Learned a level 2 spell: Ensorcelled Hibernation
   812 | D:2      | Identified the +1 leather armour "Okang" {rElec Int+2 Dex-4
                  | Stlth+}
  1337 | D:3      | Reached XP level 4. HP: 21/21 MP: 8/10
  1354 | D:3      | Reached skill level 4 in Dodging
  1354 | D:3      | Reached XP level 5. HP: 9/24 MP: 3/12
  1398 | D:3      | Found a glowing drain.
  1411 | D:3      | Noticed Natasha
  1423 | D:3      | Killed Natasha
  1457 | Sewer    | Entered a sewer
  1529 | Sewer    | HP: 1/22 [hell rat (4)]
  1532 | Sewer    | Reached skill level 5 in Hexes
  1705 | D:3      | Noticed Natasha
  1714 | D:3      | Killed Natasha
  1806 | D:3      | Noticed Robin
  1830 | D:3      | Reached XP level 6. HP: 23/28 MP: 13/13
  1867 | D:3      | Killed Robin
  2143 | D:3      | Noticed Grinder
  2164 | D:3      | Learned a level 3 spell: Confusing Touch
  2178 | D:3      | Killed Grinder
  2179 | D:3      | Reached skill level 5 in Dodging
  2179 | D:3      | Reached skill level 5 in Spellcasting
  2179 | D:3      | Reached XP level 7. HP: 32/32 MP: 12/15
  2357 | D:3      | Noticed Natasha
  2363 | D:3      | Killed Natasha
  2506 | D:4      | Found a staircase to the Ecumenical Temple.
  2522 | Temple   | Entered the Ecumenical Temple
  2603 | Temple   | Became a worshipper of the Wu Jian Council
  2713 | D:4      | Found Rixzets's Armour Boutique.
  2854 | D:4      | Reached skill level 6 in Dodging
  3072 | D:4      | Bought a +1 buckler of cold resistance for 198 gold pieces
  3247 | D:5      | Entered Level 5 of the Dungeon
  3709 | D:5      | Reached skill level 5 in Short Blades
  3709 | D:5      | Reached skill level 1 in Shields
  3709 | D:5      | Reached XP level 8. HP: 36/36 MP: 13/18
  3749 | D:5      | Reached * piety under Wu Jian
  4080 | D:6      | Reached skill level 7 in Dodging
  4471 | D:6      | Found a runed translucent door.
  4472 | D:6      | Found a runed translucent door.
  4492 | D:6      | Reached XP level 9. HP: 35/39 MP: 5/20
  4543 | D:6      | Reached skill level 8 in Dodging
  4557 | D:6      | Reached ** piety under Wu Jian
  4848 | D:7      | Noticed Pikel
  4882 | D:7      | Killed Pikel
  4896 | D:7      | Found a sand-covered staircase.
  4903 | Ossuary  | Entered an ossuary
  5104 | D:7      | Noticed Duvessa
  5104 | D:7      | Noticed Dowan
  5137 | D:7      | Noticed Maggie
  5184 | D:7      | Found a runed translucent door.
  5185 | D:7      | Noticed Crazy Yiuf
  5215 | D:7      | Killed Crazy Yiuf
  5286 | D:7      | Killed Duvessa
  5297 | D:7      | Killed Dowan
  5318 | D:7      | Found a flagged portal.
  5332 | Bailey   | Entered a bailey
  5380 | Bailey   | Reached *** piety under Wu Jian
  5521 | Bailey   | Reached skill level 9 in Dodging
  5779 | D:8      | Reached XP level 10. HP: 39/44 MP: 17/23
  5794 | D:8      | Learned a level 3 spell: Dazzling Flash
  5798 | D:8      | Learned a level 3 spell: Tukima's Dance
  6518 | D:9      | Noticed Psyche
  6526 | D:9      | Killed Psyche
  6637 | D:9      | Reached **** piety under Wu Jian
  6647 | D:9      | Reached skill level 10 in Dodging
  6953 | D:9      | Noticed a skeletal warrior
  7012 | D:9      | Noticed a skeletal warrior
  7036 | D:9      | Noticed a skeletal warrior
  7041 | D:9      | Noticed a skeletal warrior
  7262 | D:9      | Found a sparkling altar of Nemelex Xobeh.
  7263 | D:9      | Found a hide-covered altar of Uskayaw.
  7356 | D:9      | Reached skill level 10 in Hexes
  7422 | D:9      | Found a shimmering blue altar of Sif Muna.
  7550 | D:10     | Entered Level 10 of the Dungeon
  7571 | D:10     | Found Gueleh Xeva's Weapon Shoppe.
  7577 | D:10     | Bought the +7 captain's cutlass {speed, disarm} for 702
                  | gold pieces
  7577 | D:10     | Found the +7 captain's cutlass {speed, disarm}
  7594 | D:10     | Found a burning altar of Makhleb.
  7639 | D:10     | Found a staircase to the Orcish Mines.
  7748 | D:10     | Found a staircase to the Lair.
  7883 | D:10     | Reached XP level 11. HP: 47/47 MP: 23/25
  8171 | D:10     | Found a hazy altar of Hepliaklqana.
  8177 | D:10     | Found a sacrificial altar of Ru.
  8182 | D:10     | Found a broken altar of Ashenzari.
  8225 | Orc:1    | Entered Level 1 of the Orcish Mines
  8225 | Orc:1    | Noticed an orc knight
  8280 | Orc:1    | Killed an orc knight
  8281 | Orc:1    | Reached skill level 5 in Shields
  8323 | Orc:1    | Noticed Nergalle
  8361 | Orc:1    | Reached skill level 10 in Spellcasting
  8374 | Orc:1    | Killed Nergalle
  8437 | Orc:2    | Entered Level 2 of the Orcish Mines
  8500 | D:11     | Noticed Lodul
  8550 | D:11     | Reached ***** piety under Wu Jian
  8551 | D:11     | Reached skill level 11 in Dodging
  8566 | D:11     | Noticed Maurice
  8572 | D:11     | Killed Maurice
  8718 | D:11     | Noticed a two-headed ogre
  8773 | D:11     | Killed a two-headed ogre
  8779 | D:11     | Noticed a boulder beetle
  8790 | D:11     | Killed a boulder beetle
  8876 | D:11     | Noticed Erolcha
  8959 | D:11     | Killed Erolcha
  9187 | D:11     | Noticed a two-headed ogre
  9189 | D:11     | Reached skill level 10 in Short Blades
  9202 | D:11     | Killed a two-headed ogre
  9203 | D:11     | Reached skill level 12 in Dodging
  9340 | Orc:2    | Noticed an orc knight
  9378 | Orc:2    | Killed an orc knight
  9436 | Orc:2    | Noticed Rupert
  9730 | Orc:2    | Killed Rupert
  9731 | Orc:2    | Reached XP level 12. HP: 51/51 MP: 7/28
  9785 | Orc:2    | Found Qal Liatui's Magic Scroll Shoppe.
  9867 | Orc:2    | Found a staircase to the Elven Halls.
  9868 | Orc:2    | Noticed an orc warlord
  9911 | Orc:2    | Killed from afar by an orc priest

Illustrated notes

Levels and vault maps discovered:
D:1:      nagdon_arrival_double_spiral, layout_basic,
          hellmonk_ecumenical_altar_run_dry
D:2:      minmay_alternating_diamond, layout_loops_ring, minmay_tromino_i2
D:3:      layout_loops_corners, gup_sewer_entry_glass, corner_web_ring,
          uniq_natasha, uniq_grinder, uniq_robin
D:4:      layout_basic, minmay_temple_entry_mini_moons, serial_shops,
          nicolae_shop_window_shopping, grunt_ministairs_1
D:5:      layout_layer_cave
D:6:      lemuel_insect_pit, layout_layer_cave
D:7:      layout_rooms, enter_ossuary_4, enter_bailey_2,
          uniq_crazy_yiuf_cottage, uniq_duvessa, uniq_maggie, uniq_pikel
D:8:      layout_layer_cave
D:9:      layout_irregular_city, nicolae_overflow_squiral, led_sif_pool,
          statue_in_the_mist_lemuel, uniq_psyche
D:10:     layout_stronghold, overflow_temple_1_default,
          minmay_overflow_temple_star_quad, lair_entry_dummy, david_orc_2,
          serial_shops, nicolae_shop_bloodbath_and_beyond
D:11:     layout_gridville, serial_ice, serial_ice_h, serial_ice_b,
          serial_ice_m, serial_ice_k, uniq_maurice, uniq_erolcha, uniq_lodul
Temple:   regret_index_temple_waves
Orc:1:    layout_diamond_mine, minmay_orc_temple_b, uniq_nergalle
Orc:2:    grunt_orc_community_town_hall, layout_diamond_mine,
          grunt_orc_community_big_house_1, grunt_orc_community_big_house_1,
          grunt_orc_community_house_1, grunt_orc_community_house_1,
          grunt_orc_community_house_1, grunt_orc_community_house_2,
          grunt_orc_community_house_2, grunt_orc_community_house_1, uniq_rupert,
          uniq_saint_roka, uniq_sonja

Skill      XL: |  1  2  3  4  5  6  7  8  9 10 11 |
---------------+----------------------------------+-----
Dodging        | 3 4 5 6 7 9 10 12 | 12.6
Spellcasting   | 3 4 5 6 7 8 9 11 | 11.7
Hexes          | 4 5 6 7 8 10 11 | 11.9
Short Blades   | 2 3 4 5 6 7 8 10 | 10.5
Shields        | 1 2 3 4 5 |  5.0
Stealth        | |  4.4

Action                     |  1- 3 |  4- 6 |  7- 9 | 10-12 || total
---------------------------+-------+-------+-------+-------++-------
  Melee: Dagger            |   126 |   132 |   339 |    72 ||   669
         Punch             |       |     1 |       |       ||     1
         Short sword       |       |       |    53 |   394 ||   447
         Cutlass           |       |       |       |   207 ||   207
   Cast: Ensorcelled Hiber |     2 |    20 |    77 |    88 ||   187
         Confusing Touch   |       |     1 |    14 |    30 ||    45
         Tukima's Dance    |       |       |       |    34 ||    34
Ability: Lunge             |       |       |    30 |    40 ||    70
         Whirlwind         |       |       |    12 |   105 ||   117
  Evoke: Piece from Xom's  |       |       |       |    15 ||    15
         Wand              |       |       |       |    10 ||    10
    Use: Potion            |       |     1 |       |     1 ||     2
         Scroll            |       |       |    14 |     8 ||    22
   Stab: Sleeping          |    15 |    19 |    55 |    51 ||   140
         Invisible         |       |     3 |       |       ||     3
         Confused          |       |     2 |    16 |    31 ||    49
         Distracted        |       |       |     1 |     1 ||     2
 Armour: Robe              |     9 |     3 |    25 |    57 ||    94
         Troll leather arm |       |       |       |    10 ||    10
  Dodge: Dodged            |    78 |    74 |   222 |   415 ||   789
  Block: Buckler           |       |       |    74 |   157 ||   231

Table legend: (Time is in decaauts)
 A = Elapsed time spent in this place.
 B = Non-inter-level travel time spent in this place.
 C = Inter-level travel time spent in this place.
 D = Time resting spent in this place.
 E = Time spent auto-exploring this place.
 F = Levels seen in this place.
 G = Mean time per level.
                   A        B        C        D        E       F      G
               +--------+--------+--------+--------+--------+-----+--------+
         Total |   6426 |   6017 |    409 |      9 |     31 |  17 |  378.0 |
       Dungeon |   5397 |   5035 |    362 |      9 |      0 |  11 |  490.6 |
        Temple |     87 |     51 |     36 |      0 |     31 |   1 |   87.0 |
  Orcish Mines |    558 |    547 |     11 |      0 |      0 |   2 |  279.0 |
         Sewer |     74 |     74 |      0 |      0 |      0 |   1 |   74.0 |
       Ossuary |    132 |    132 |      0 |      0 |      0 |   1 |  132.0 |
        Bailey |    176 |    176 |      0 |      0 |      0 |   1 |  176.0 |
               +--------+--------+--------+--------+--------+-----+--------+

Top non-repeatable levels by time:
     D:9: 669 daAuts
     D:3: 630 daAuts
     D:8: 546 daAuts
     D:6: 524 daAuts
     D:5: 488 daAuts
    D:11: 482 daAuts
    D:10: 481 daAuts
     D:1: 462 daAuts
     D:4: 443 daAuts
     D:2: 411 daAuts
   Orc:2: 401 daAuts
     D:7: 257 daAuts
  Bailey: 176 daAuts
   Orc:1: 157 daAuts
 Ossuary: 132 daAuts
